 Dungeon Crawl Stone Soup version 0.25.0-9-g26727b6 (webtiles) character file.

Game seed: 18407530860334783205

13209 Renzlar the Blocker (level 12, -4/96 HPs)
             Began as a Gnoll Fighter on June 19, 2020.
             Was an Elder of Okawaru.
             Killed from afar by an ice statue (24 damage)
             ... with a shard of ice
             ... in a Gauntlet on June 20, 2020.
             The game lasted 01:01:18 (12792 turns).

Renzlar the Blocker (Gnoll Fighter)                Turns: 12792, Time: 01:01:19

Health: -4/96      AC: 20    Str: 24    XL:     12   Next: 3%
Magic:  21/22      EV: 15    Int: 10    God:    Okawaru [****..]
Gold:   732        SH: 14    Dex: 15    Spells: 24/24 levels left

rFire    . . .     SeeInvis .   Q - +0 demon trident
rCold    . . .     Gourm    .   q - +0 kite shield
rNeg     . . .     Faith    .   D - +0 chain mail
rPois    +         Spirit   .   R - +0 hat
rElec    .         Reflect  .   G - +2 cloak
rCorr    .         Harm     .   w - +0 pair of gloves
MR       .....     NoTele   +   C - +0 pair of boots
Stlth    ++........             O - amulet of regeneration
HPRegen  0.66/turn              e - ring of poison resistance
MPRegen  0.18/turn              (no ring)

@: heroism, studying Earth Magic
A: distributed training, fangs 1, strong nose
a: Heroism, Renounce Religion


You were in a Gauntlet.
You worshipped Okawaru.
Okawaru was greatly pleased with you.
You were not hungry.

You visited 3 branches of the dungeon, and saw 12 of its levels.
You also visited: Gauntlet.

You collected 732 gold pieces.

Inventory:

Hand Weapons
 a - a +0 war axe
 b - a +2 short sword of flaming
 c - a +1 hunting sling of freezing
 d - the +1 mace "Yleorrag" {venom, Int+6}
   (You found it on level 7 of the Dungeon)

   It poisons the flesh of those it strikes.
   It affects your intelligence (+6).
 Q - a +0 demon trident (weapon)
Missiles
 j - 184 stones
 l - 17 javelins
 o - 106 sling bullets
 p - 55 bolts
 u - 42 poisoned darts (quivered)
Armour
 q - a +0 kite shield (worn)
 w - a +0 pair of gloves (worn)
 C - a +0 pair of boots (worn)
 D - a +0 chain mail (worn)
 G - a +2 cloak (worn)
 R - a +0 hat (worn)
Jewellery
 e - a ring of poison resistance (left hand)
 F - an uncursed amulet of reflection
 O - an amulet of regeneration (around neck)
Wands
 m - a wand of iceblast (9)
 t - a wand of clouds (11)
 I - a wand of paralysis (4)
 K - a wand of acid (6)
Scrolls
 g - 2 scrolls of identify
 h - 6 scrolls of teleportation
 k - a scroll of random uselessness {unknown}
 r - a scroll of blinking {unknown}
 s - a scroll of magic mapping
 v - a scroll of fear {unknown}
 y - a scroll of remove curse
 H - a scroll of noise {unknown}
 J - a scroll of amnesia {unknown}
 L - a scroll of enchant armour {unknown}
 M - 2 scrolls of enchant weapon {unknown}
 N - a scroll of silence {unknown}
Potions
 i - 5 potions of curing
 n - 2 potions of flight
 x - a potion of stabbing
 z - a potion of invisibility
 A - a potion of might
 E - a potion of lignification
Books
 B - a manual of Earth Magic
Comestibles
 f - 21 rations


   Skills:
 + Level 9.4(14.4) Fighting
 + Level 6.7(11.7) Short Blades
 + Level 6.7(11.7) Long Blades
 + Level 8.2(13.2) Axes
 + Level 6.7(11.7) Maces & Flails
 + Level 6.7(11.7) Polearms
 + Level 6.7(11.7) Staves
 + Level 6.7(11.7) Slings
 + Level 6.7(11.7) Bows
 + Level 6.7(11.7) Crossbows
 + Level 6.7(11.7) Throwing
 + Level 9.4(14.4) Armour
 + Level 6.7(11.7) Dodging
 + Level 6.7(11.7) Stealth
 + Level 9.4(14.4) Shields
 + Level 6.7(11.7) Unarmed Combat
 + Level 6.7 Spellcasting
 + Level 5.6 Conjurations
 + Level 5.6 Hexes
 + Level 5.6 Charms
 + Level 5.6 Summonings
 + Level 5.6 Necromancy
 + Level 5.6 Translocations
 + Level 5.6 Transmutations
 + Level 5.6 Fire Magic
 + Level 5.6 Ice Magic
 + Level 5.6 Air Magic
 + Level 7.8 Earth Magic
 + Level 5.6 Poison Magic
 + Level 7.4 Invocations
 + Level 6.7 Evocations


You had 24 spell levels left.
You didn't know any spells.
Your spell library contained the following spells:

 Spells                   Type           Power        Failure   Level  Hunger
 Beastly Appendage        Tmut           ##....       9%          1    None
 Sticks to Snakes         Tmut           ##......     14%         2    ##.....
 Spider Form              Tmut/Pois      ##........   26%         3    ###....
 Ice Form                 Ice/Tmut       ##......     65%         4    ####...
 Blade Hands              Tmut           ##........   94%         5    ######.


Dungeon Overview and Level Annotations

Branches:
Dungeon (10/15)            Temple (1/1) D:7            Lair (1/6) D:9
    Orc (0/2) D:10        Gauntlet (1/1)

Altars:
Ashenzari
Cheibriados
Dithmenos
Elyvilon
Fedhas
Gozag
Hepliaklqana
Makhleb
Nemelex Xobeh
Okawaru
Qazlal
Ru
Sif Muna
Trog
Uskayaw
Vehumet
Wu Jian
Xom
Yredelemnul
Zin
The Shining One

Shops:
D:4 *=   D:6 =

Annotations:
Gauntlet 10 transporters, exclusion: ice statue


Innate Abilities, Weirdness & Mutations

Your experience applies equally to all skills.
You have very sharp teeth.
Your uncanny sense of smell can sniff out nearby items.


Message History

Unknown command.
The death yak bellows!
You hit the ice statue.
You bite the ice statue, but do no damage.
The ice statue is moderately damaged.
You are engulfed in freezing vapours.
You hear a bellow! x3
You puncture the ice statue!
You bite the ice statue, but do no damage.
The ice statue is severely damaged.
You are engulfed in freezing vapours.
* * * LOW HITPOINT WARNING * * *
Unknown command.
You hit the ice statue but do no damage.
The ice statue is severely damaged.
You are engulfed in freezing vapours.
* * * LOW HITPOINT WARNING * * *
The ice statue gestures at you. The shard of ice hits you!!
You die...

#≈≈.#.#^©#..#.#..#©#..#.#...©...#
##≈.##.##.###.#...###Y#.#.#####.#
##.##..#ss##.#....#..#.#.......#
##≈.#.##.##a#.#.p...Y.#. u#
#≈≈.###################. ##
##≈....#©....©....©#.... ..
##.P♣.#############..P♣ ##
#≈......#.?.°○°8#...P.. ".
#≈≈..P.♣.#P#####@#..P#≈#≈#P..#5#^
##≈.P..P.#...#○○°#.PP≈≈≈≈≈P..#4#.
##..PP♣.####°####.♣P#≈#≈#.♣.#.##
#≈.....#..○#...#.PP≈≈≈≈≈P..#.5#
#≈≈..♣.#.#####.#...#≈#≈#...####
####...#.......#...........#3..
#≈..########################
#≈≈....#©.........©.........
####...#####################


You could see 2 death yaks, an ice statue, an entropy weaver, a wolf spider, a
necromancer and a jumping spider.

Vanquished Creatures
  Erolcha (D:10)
  The ghost of robertstho the Spear-Bearer, a novice MfGl of Okawaru (D:6)
  A smoke demon (Gauntlet)
  Psyche (D:8)
  2 komodo dragons
  A rime drake (Gauntlet)
  A red devil (Gauntlet)
  3 trolls
  A hornet (D:7)
  2 hippogriffs
  A wyvern (D:8)
  A wraith (D:10)
  A vampire (D:10)
  4 hogs (D:7)
  5 yaks (D:9)
  A human (D:7)
  4 vampire mosquitoes (D:10)
  Menkaure (D:7)
  Duvessa (D:5)
  3 water moccasins
  2 sky beasts
  3 black bears
  10 orc warriors
  6 ice beasts
  A phantom (D:5)
  An eye of draining (D:9)
  5 wolves (Lair:1)
  4 ogres
  4 centaurs
  3 big kobolds
  5 bullfrogs
  3 gnoll sergeants
  Dowan (D:5)
  2 scorpions
  5 killer bees
  A howler monkey (D:9)
  8 crimson imps
  A centaur zombie (D:10)
  3 jellies
  A centaur skeleton (D:9)
  A gnoll shaman (D:8)
  9 orc priests
  3 hounds
  Crazy Yiuf (D:7)
  4 iguanas
  5 worker ants
  14 orc wizards
  3 hound skeletons (D:4)
  10 adders
  22 gnolls
  3 worms
  A dart slug (D:1)
  3 leopard geckos
  38 orcs
  4 giant cockroaches
  9 goblins
  6 hobgoblins
  15 jackals
  6 quokkas
  5 ball pythons
  6 bats
  6 frilled lizards
  A giant cockroach zombie (D:5)
  12 kobolds
  A leopard gecko skeleton (D:7)
  A leopard gecko zombie (D:7)
  3 quokka skeletons (D:9)
  13 rats
310 creatures vanquished.

Vanquished Creatures (others)
  An orc wizard (D:8)
  An orc (D:7)
  2 plants (D:9)
4 creatures vanquished.

Grand Total: 314 creatures vanquished

Notes
Turn   | Place    | Note
-------+----------+-------------------------------------------
     0 | D:1      | Renzlar the Gnoll Fighter began the quest for the Orb.
     0 | D:1      | Reached XP level 1. HP: 23/23 MP: 1/1
   237 | D:1      | Reached XP level 2. HP: 29/29 MP: 2/2
   998 | D:2      | Reached XP level 3. HP: 32/35 MP: 3/3
  1125 | D:2      | Found a hide-covered altar of Uskayaw.
  1147 | D:2      | Noticed a +0 dagger
  1148 | D:2      | Noticed a -1 hand axe
  1188 | D:2      | Found a sacrificial altar of Ru.
  1230 | D:2      | Reached skill level 1 in Invocations
  1345 | D:2      | Reached skill level 1 in Short Blades
  1345 | D:2      | Reached skill level 1 in Long Blades
  1345 | D:2      | Reached skill level 1 in Maces & Flails
  1345 | D:2      | Reached skill level 1 in Polearms
  1345 | D:2      | Reached skill level 1 in Staves
  1345 | D:2      | Reached skill level 1 in Slings
  1345 | D:2      | Reached skill level 1 in Bows
  1345 | D:2      | Reached skill level 1 in Crossbows
  1345 | D:2      | Reached skill level 1 in Throwing
  1345 | D:2      | Reached skill level 1 in Dodging
  1345 | D:2      | Reached skill level 1 in Stealth
  1345 | D:2      | Reached skill level 1 in Unarmed Combat
  1345 | D:2      | Reached skill level 1 in Spellcasting
  1345 | D:2      | Reached skill level 1 in Evocations
  1717 | D:3      | Reached XP level 4. HP: 41/41 MP: 5/5
  1996 | D:3      | Reached skill level 1 in Conjurations
  1996 | D:3      | Reached skill level 1 in Hexes
  1996 | D:3      | Reached skill level 1 in Charms
  1996 | D:3      | Reached skill level 1 in Summonings
  1996 | D:3      | Reached skill level 1 in Necromancy
  1996 | D:3      | Reached skill level 1 in Translocations
  1996 | D:3      | Reached skill level 1 in Transmutations
  1996 | D:3      | Reached skill level 1 in Fire Magic
  1996 | D:3      | Reached skill level 1 in Ice Magic
  1996 | D:3      | Reached skill level 1 in Air Magic
  1996 | D:3      | Reached skill level 1 in Earth Magic
  1996 | D:3      | Reached skill level 1 in Poison Magic
  2189 | D:3      | Reached XP level 5. HP: 47/47 MP: 6/6
  2772 | D:4      | Reached XP level 6. HP: 35/53 MP: 8/8
  2922 | D:4      | Found Epnur's General Store.
  2987 | D:4      | Noticed a water moccasin
  3001 | D:4      | Killed a water moccasin
  3001 | D:4      | Reached skill level 5 in Axes
  3296 | D:4      | Found Xaytt's Jewellery Shoppe.
  3379 | D:4      | Reached XP level 7. HP: 59/59 MP: 10/10
  3680 | D:4      | Found a burning altar of Makhleb.
  3680 | D:4      | Noticed a balrug
  3683 | D:4      | Noticed a hellwing
  3683 | D:4      | Noticed an orange demon
  3904 | D:5      | Entered Level 5 of the Dungeon
  4196 | D:5      | Found a shattered altar of Ashenzari.
  4196 | D:5      | Noticed Dowan
  4197 | D:5      | Noticed Duvessa
  4215 | D:5      | Killed Duvessa
  4215 | D:5      | Reached XP level 8. HP: 33/67 MP: 10/12
  4220 | D:5      | Killed Dowan
  5374 | D:6      | Found Nialoimu's Jewellery Shop.
  5677 | D:6      | Found a runed translucent door.
  5735 | D:6      | Noticed robertstho's ghost (novice MfGl)
  5763 | D:6      | Reached XP level 9. HP: 29/72 MP: 14/14
  5767 | D:6      | Killed robertstho's ghost
  6222 | D:6      | Found a stormy altar of Qazlal.
  6222 | D:6      | Found a blossoming altar of Fedhas.
  6228 | D:6      | Found a hazy altar of Hepliaklqana.
  6230 | D:6      | Found a sparkling altar of Nemelex Xobeh.
  6231 | D:6      | Found an opulent altar of Gozag.
  6366 | D:7      | Found a staircase to the Ecumenical Temple.
  6372 | Temple   | Entered the Ecumenical Temple
  6443 | Temple   | Became a worshipper of Warmaster Okawaru
  6652 | D:7      | Noticed a hornet
  6669 | D:7      | Killed a hornet
  6883 | D:7      | Got a fine mace
  6884 | D:7      | Identified the cursed +1 mace "Yleorrag" {venom, Int+6}
                  | (You found it on level 7 of the Dungeon)
  6893 | D:7      | Found a runed translucent door.
  6894 | D:7      | Noticed Crazy Yiuf
  6902 | D:7      | Killed Crazy Yiuf
  7006 | D:7      | Reached skill level 5 in Earth Magic
  7006 | D:7      | Reached skill level 5 in Invocations
  7007 | D:7      | Reached * piety under Okawaru
  7008 | D:7      | Reached XP level 10. HP: 79/80 MP: 15/17
  7535 | D:7      | Noticed Menkaure
  7544 | D:7      | Killed Menkaure
  7544 | D:7      | Reached skill level 5 in Short Blades
  7544 | D:7      | Reached skill level 5 in Long Blades
  7544 | D:7      | Reached skill level 5 in Maces & Flails
  7544 | D:7      | Reached skill level 5 in Polearms
  7544 | D:7      | Reached skill level 5 in Staves
  7544 | D:7      | Reached skill level 5 in Slings
  7544 | D:7      | Reached skill level 5 in Bows
  7544 | D:7      | Reached skill level 5 in Crossbows
  7544 | D:7      | Reached skill level 5 in Throwing
  7544 | D:7      | Reached skill level 5 in Dodging
  7544 | D:7      | Reached skill level 5 in Stealth
  7544 | D:7      | Reached skill level 5 in Unarmed Combat
  7544 | D:7      | Reached skill level 5 in Spellcasting
  7544 | D:7      | Reached skill level 5 in Evocations
  8085 | D:8      | Reached ** piety under Okawaru
  8772 | D:8      | Noticed Psyche
  8783 | D:8      | Killed Psyche
  9331 | D:8      | Reached *** piety under Okawaru
  9742 | D:9      | Reached XP level 11. HP: 87/87 MP: 19/19
 10232 | D:9      | Found a staircase to the Lair.
 10272 | D:9      | Reached skill level 5 in Conjurations
 10272 | D:9      | Reached skill level 5 in Hexes
 10272 | D:9      | Reached skill level 5 in Charms
 10272 | D:9      | Reached skill level 5 in Summonings
 10272 | D:9      | Reached skill level 5 in Necromancy
 10272 | D:9      | Reached skill level 5 in Translocations
 10272 | D:9      | Reached skill level 5 in Transmutations
 10272 | D:9      | Reached skill level 5 in Fire Magic
 10272 | D:9      | Reached skill level 5 in Ice Magic
 10272 | D:9      | Reached skill level 5 in Air Magic
 10272 | D:9      | Reached skill level 5 in Poison Magic
 10789 | D:10     | Entered Level 10 of the Dungeon
 11226 | D:10     | Found a staircase to the Orcish Mines.
 11266 | D:10     | Reached **** piety under Okawaru
 11310 | D:10     | Received a gift from Okawaru
 12008 | D:10     | Noticed Erolcha
 12011 | D:10     | Paralysed by Erolcha for 6 turns
 12042 | D:10     | Killed Erolcha
 12426 | Lair:1   | Entered Level 1 of the Lair of Beasts
 12470 | Lair:1   | Received a gift from Okawaru
 12553 | Lair:1   | Found a gate leading to a gauntlet.
 12562 | Gauntlet | Entered a Gauntlet
 12562 | Gauntlet | Found a transporter.
 12567 | Gauntlet | Found a transporter.
 12569 | Gauntlet | Found a transporter.
 12587 | Gauntlet | Found a transporter.
 12589 | Gauntlet | Found a transporter.
 12593 | Gauntlet | Noticed a cyan ugly thing
 12602 | Gauntlet | Found a transporter.
 12612 | Gauntlet | Noticed a catoblepas
 12619 | Gauntlet | Found a transporter.
 12626 | Gauntlet | Noticed a necromancer
 12626 | Gauntlet | Noticed a death yak
 12626 | Gauntlet | Noticed a death yak
 12627 | Gauntlet | Noticed a death yak
 12627 | Gauntlet | Noticed a death yak
 12628 | Gauntlet | Noticed a death yak
 12629 | Gauntlet | Found a transporter.
 12630 | Gauntlet | Noticed a death yak
 12639 | Gauntlet | Found a transporter.
 12640 | Gauntlet | Noticed a wolf spider
 12640 | Gauntlet | Noticed an entropy weaver
 12657 | Gauntlet | Found a transporter.
 12664 | Gauntlet | Found a transporter.
 12669 | Gauntlet | Found a transporter.
 12725 | Gauntlet | Reached XP level 12. HP: 96/96 MP: 20/22
 12759 | Gauntlet | Found a transporter.
 12792 | Gauntlet | Killed from afar by an ice statue

Illustrated notes

Levels and vault maps discovered:
D:1:      lightli_arrival_maybe_door_vault, layout_loops_corners
D:2:      layout_rooms, dancing_weapons_uskayaw, first_ration,
          nicolae_ru_awakened_eye
D:3:      minmay_chambers_of_threes, layout_basic
D:4:      layout_loops_ring, makhleb_altar_promises_db, serial_shops,
          shop_statue, nicolae_shop_trees, kennysheep_pointless_box,
          minmay_manual_monstrance
D:5:      layout_loops_corners, nicolae_overflow_crystal_walls, uniq_duvessa
D:6:      layout_cave_pools, chequers_temple_overflow_minitemple, serial_shops,
          shop_coins, ebering_ghost_sewer_d
D:7:      layout_basic, minmay_temple_entry_ruins, grunt_livestock,
          minmay_quadrilaterals, uniq_menkaure, uniq_crazy_yiuf_cottage
D:8:      layout_gridville, hangedman_abyss_or_decor_clamps,
          minmay_misc_feat_roman, uniq_psyche
D:9:      hangedman_cross_stitches, layout_basic, david_lair_shrubbed,
          kennysheep_small_spiral
D:10:     layout_rooms, kennysheep_orc_monster_closet_entryway, uniq_erolcha
Temple:   eino_temple_water
Lair:1:   layout_gridlike, gauntlet_entry_generic, bh_autumn_forest_stairs
Gauntlet: minmay_gauntlet_77_tree [minmay_gauntlet_arena_77_radiant_squares,
          minmay_gauntlet_arena_77_mirror, minmay_gauntlet_arena_77_two_paths,
          minmay_gauntlet_arena_77_squiggly,
          minmay_gauntlet_arena_77_chump_sandwich,
          minmay_gauntlet_arena_77_double_cross,
          minmay_gauntlet_arena_77_tiled_triplets, gauntlet_exit_spiral]

Skill      XL: |  1  2  3  4  5  6  7  8  9 10 11 |
---------------+----------------------------------+-----
Invocations    | 1 2 3 4 5 6 7 |  7.4
Short Blades   | 1 2 3 4 5 6 |  6.7
Long Blades    | 1 2 3 4 5 6 |  6.7
Maces & Flails | 1 2 3 4 5 6 |  6.7
Polearms       | 1 2 3 4 5 6 |  6.7
Staves         | 1 2 3 4 5 6 |  6.7
Slings         | 1 2 3 4 5 6 |  6.7
Bows           | 1 2 3 4 5 6 |  6.7
Crossbows      | 1 2 3 4 5 6 |  6.7
Throwing       | 1 2 3 4 5 6 |  6.7
Dodging        | 1 2 3 4 5 6 |  6.7
Stealth        | 1 2 3 4 5 6 |  6.7
Unarmed Combat | 1 2 3 4 5 6 |  6.7
Spellcasting   | 1 2 3 4 5 6 |  6.7
Evocations     | 1 2 3 4 5 6 |  6.7
Conjurations   | 1 2 3 4 5 |  5.6
Hexes          | 1 2 3 4 5 |  5.6
Charms         | 1 2 3 4 5 |  5.6
Summonings     | 1 2 3 4 5 |  5.6
Necromancy     | 1 2 3 4 5 |  5.6
Translocations | 1 2 3 4 5 |  5.6
Transmutations | 1 2 3 4 5 |  5.6
Fire Magic     | 1 2 3 4 5 |  5.6
Ice Magic      | 1 2 3 4 5 |  5.6
Air Magic      | 1 2 3 4 5 |  5.6
Earth Magic    | 1 2 4 5 6 7 |  7.8
Poison Magic   | 1 2 3 4 5 |  5.6
Axes           | 5 6 7 8 |  8.2
Fighting       | 7 8 9 |  9.4
Armour         | 7 8 9 |  9.4
Shields        | 7 8 9 |  9.4

Action                   |  1- 3 |  4- 6 |  7- 9 | 10-12 || total
-------------------------+-------+-------+-------+-------++-------
Melee: War axe           |    94 |   101 |   211 |   143 ||   549
       Bite              |     9 |    16 |    27 |    83 ||   135
       Short sword       |       |       |    15 |    30 ||    45
       Mace              |       |       |     8 |   419 ||   427
       Demon trident     |       |       |       |    25 ||    25
 Fire: Hunting sling     |    18 |    61 |   109 |   229 ||   417
Throw: Stone             |    41 |       |       |       ||    41
       Dart              |       |     4 |     5 |     8 ||    17
       Javelin           |       |       |     3 |       ||     3
Invok: Heroism           |       |       |       |     6 ||     6
Evoke: Wand              |       |       |       |     1 ||     1
  Use: Scroll            |     3 |       |     7 |     9 ||    19
       Potion            |       |       |     1 |       ||     1
 Stab: Held in net/web   |       |       |     1 |       ||     1
  Eat: Chunk             |     3 |     5 |     8 |    13 ||    29
       Ration            |       |       |     1 |     2 ||     3
Armor: Scale mail        |    46 |    34 |    55 |       ||   135
       Chain mail        |       |       |    38 |   214 ||   252
Dodge: Dodged            |    45 |    25 |    61 |   169 ||   300
Block: Kite shield       |    72 |    64 |   150 |   547 ||   833
       Reflection        |       |       |     9 |    14 ||    23
